 Dungeon Crawl Stone Soup version 0.18-a0-1792-g362e38b (webtiles) character file.

201 TacoSpeedae the Twirler (level 5, -5/38 HPs)
             Began as a Demonspawn Gladiator on Apr 21, 2016.
             Slain by Iamsock's ghost (7 damage)
             ... on level 4 of the Dungeon.
             The game lasted 00:07:00 (1755 turns).

TacoSpeedae the Twirler (Demonspawn Gladiator)      Turns: 1755, Time: 00:07:01

Health: -5/38      AC:  9    Str: 15    XL:     5   Next: 50%
Magic:  0/14       EV: 11    Int: 10    God:
Gold:   65         SH:  0    Dex: 14    Spells: 0 memorised, 4 levels left

rFire  . . .     SeeInvis .     a - +0 quarterstaff
rCold  . . .     Gourm    .     j - +2 ring mail {rPois}
rNeg   . . .     Faith    .     (shield currently unavailable)
rPois  +         Spirit   +     c - +1 helmet
rElec  .         Dismiss  .     (no cloak)
rCorr  .         Reflect  .     (no gloves)
SustAt .         Harm     .     (boots unavailable)
MR     .....                    h - amulet of guardian spirit
Stlth  ..........               (no ring)
                                p - ring of magical power

@: about to teleport, very slightly contaminated, hasted and slowed, not
resistant to hostile enchantments, extremely unstealthy
A: hooves 3, rot immunity
a: no special abilities


You were on level 4 of the Dungeon.
You were hungry.

You visited 1 branch of the dungeon, and saw 4 of its levels.

You collected 65 gold pieces.

Inventory:

Hand Weapons
 a - a +0 quarterstaff (weapon)
Missiles
 d - 3 throwing nets (quivered)
 e - 35 stones
Armour
 b - a +0 leather armour
 c - a +1 helmet (worn)
 j - a +2 ring mail of poison resistance (worn)
 m - a cursed +0 chain mail
Jewellery
 h - an amulet of guardian spirit (around neck)
 p - a ring of magical power (left hand)
Wands
 i - a wand of teleportation (5/9)
Scrolls
 k - a scroll of identify
Comestibles
 f - 2 bread rations
 l - a meat ration
 o - 10 fruits


   Skills:
 + Level 2.0 Fighting
 * Level 5.7 Staves
 - Level 1.7 Throwing
 + Level 0.0 Armour
 + Level 2.6 Dodging


You had 4 spell levels left.
You didn't know any spells.

Dungeon Overview and Level Annotations

Branches:
Dungeon (4/15)
 Temple: D:4-7

Altars:

Annotations:
D:3 Mekire's ghost, amateur DsCK
D:4 Iamsock's ghost, novice DsFi


Innate Abilities, Weirdness & Mutations

You have hooves in place of feet.
You are immune to rotting.


Message History

Charge which item? (? for menu, Esc to quit)
Your wand of teleportation (2/9) glows for a moment and now has 6 charges.
The rat twitches its whiskers.
Iamsock's ghost hits you but does no damage.
Read which item? (? for menu, Esc to quit)
As you read the scroll labeled XIZOEG ELOBIE, it crumbles to dust.
You hear a loud clanging noise!
It was a scroll of noise.
You hear a shout! x3; You hear a bark!
You hear a shout!
Iamsock's ghost hits you!
* * * LOW HITPOINT WARNING * * *
You feel yourself speed up.
You are very lightly contaminated with residual magic.
Iamsock's ghost hits you but does no damage.
Evoke which item? (* to show all) (? for menu, Esc to quit)
Zapping:
i - a wand of teleportation (6/9)
Press: ? - help, Shift-Dir - straight line, f - you You feel strangely unstable.
This wand has 5 charges left.
Iamsock's ghost hits you!
You die...

.....# #####...#.#.$.........#.,,
..##.###.........#............h,,
.#)............#####.......##,,,,
......##.........#.....<...#*,,,,
).....######...#÷#.........#*,,,,
##....######...#...#(.....##*,,,,
.................####.#...#**,***
###.####..#....#.# #......,,,*
#≈###≈≈##+..#.##@# #.....##***
#∩+≈≈≈≈≈≈#....##W# #.....#*****
#≈+≈≈≈≈≈≈#..####s# *......,,,,**
#≈***≈≈*#'.s.r.sr# *,,,**,,,*,,,
***,***#.$..###### *,,,,,**,,,*,
,,,,..........*******,,,,,,,**,,,
***#.###........,,,,,,*,,**,,,**,
*,* ######.###**,,,,,,,,,,,,,,
*,* *.# *,**,*,,,**,,,,


You could see Iamsock's ghost, 2 giant cockroaches and a rat.

Vanquished Creatures
  A hound (D:4)
  Terence (D:2)
  A worker ant (D:4)
  7 gnolls
  2 adders
  2 oozes (D:2)
  A dart slug (D:2)
  An orc (D:3)
  A ball python (D:2)
  2 giant cockroaches (D:1)
  2 goblins
  3 hobgoblins
  6 bats
  3 kobolds
  2 rats
35 creatures vanquished.

Notes
Turn   | Place    | Note
--------------------------------------------------------------
     0 | D:1      | TacoSpeedae the Demonspawn Gladiator began the quest for the Orb.
     0 | D:1      | Reached XP level 1. HP: 16/16 MP: 1/1
    77 | D:1      | Reached skill level 3 in Staves
   116 | D:1      | Gained mutation: You have large cloven feet. [demonic ancestry]
   116 | D:1      | Reached XP level 2. HP: 15/22 MP: 2/2
   241 | D:2      | Noticed Terence
   270 | D:2      | Killed Terence
   270 | D:2      | Reached skill level 4 in Staves
   270 | D:2      | Gained mutation: You are immune to rotting. [demonic ancestry]
   270 | D:2      | Reached XP level 3. HP: 13/27 MP: 3/3
   390 | D:3      | Noticed Mekire's ghost (amateur DsCK)
   951 | D:3      | Gained mutation: You have hoof-like feet. [demonic ancestry]
   951 | D:3      | Reached XP level 4. HP: 29/33 MP: 4/4
  1335 | D:4      | Noticed Iamsock's ghost (novice DsFi)
  1346 | D:4      | Reached skill level 5 in Staves
  1367 | D:4      | Gained mutation: You have hooves in place of feet. [demonic ancestry]
  1367 | D:4      | Reached XP level 5. HP: 18/38 MP: 5/5
  1406 | D:3      | HP: 1/38 [poisoned by a worker ant]
  1754 | D:4      | HP: 1/38 [Iamsock's ghost (3)]
  1755 | D:4      | Slain by Iamsock's ghost

Vault maps used:
D:1:      dpeg_arrival_concentric_ovals
D:2:      minivault_23, uniq_terence
D:3:      first_bread, johnstein_pakellas_dig
D:4:      gup_sewer_entry_bowl, kennysheep_decorative_pillar,
          hangedman_decor_peaks_small, minmay_lizard_king, uniq_grinder

Skill      XL: |  1  2  3  4 |
---------------+-------------+-----
Staves         | 3 4 5 |  5.7
Fighting       | |  2.0
Throwing       | |  1.7
Dodging        | |  2.6

Action                   |  1- 3 |  4- 6 || total
-------------------------+-------+-------++-------
Melee: Quarterstaff      |    68 |    81 ||   149
       Kick              |    11 |    23 ||    34
Evoke: Wand              |       |     3 ||     3
  Use: Potion            |     3 |       ||     3
       Scroll            |       |     5 ||     5
  Eat: Chunk             |       |     2 ||     2
Armor: Leather armour    |    20 |       ||    20
       Ring mail         |    10 |    46 ||    56
Dodge: Dodged            |    40 |    51 ||    91
